 Dungeon Crawl Stone Soup version 0.21.1-1-g345015fe64 (webtiles) character file.

77 Anathary the Chopper (level 4, -3/35 HPs)
             Began as a Demonspawn Monk on June 13, 2018.
             Slain by a hobgoblin
             ... wielding a +0 club
             ... led by Robin
              (4 damage)
             ... on level 2 of the Dungeon.
             The game lasted 00:08:43 (2509 turns).

Anathary the Chopper (Demonspawn Monk)              Turns: 2509, Time: 00:08:46

Health: -3/35      AC:  3    Str: 11    XL:     4   Next: 14%
Magic:  4/4        EV: 14    Int: 11    God:
Gold:   147        SH:  0    Dex: 17    Spells: 3/3 levels left

rFire    . . .     SeeInvis .   a - +0 hand axe
rCold    . . .     Gourm    .   (no shield)
rNeg     . . .     Faith    .   b - +0 robe
rPois    .         Spirit   .   (helmet restricted)
rElec    .         Reflect  .   (no cloak)
rCorr    .         Harm     .   i - +0 pair of gloves
MR       .....                  (no boots)
Stlth    ++........             (no amulet)
HPRegen  0.11/turn              (no ring)
MPRegen  0.09/turn              (no ring)

@: lethally poisoned (-3 -> -8)
A: antennae 1, rot immunity
a: no special abilities


You were on level 2 of the Dungeon.
You were not hungry.

You visited 1 branch of the dungeon, and saw 2 of its levels.

You collected 147 gold pieces.

Inventory:

Hand Weapons
 a - a +0 hand axe (weapon)
Armour
 b - a +0 robe (worn)
 i - a +0 pair of gloves (worn)
Jewellery
 k - an uncursed ring of poison resistance {unknown}
Scrolls
 c - 2 scrolls of magic mapping {unknown}
 d - a scroll of remove curse {unknown}
 f - 2 scrolls of immolation {unknown}
 h - a scroll of fog {unknown}
 l - a scroll of identify {unknown}
Potions
 e - a potion of curing {unknown}
 g - a potion of agility {unknown}
 j - a potion of heal wounds {unknown}


   Skills:
 + Level 3.3 Fighting
 + Level 3.6 Axes
 + Level 3.2 Dodging
 + Level 2.3 Stealth


You had 3 spell levels left.
You didn't know any spells.

Dungeon Overview and Level Annotations

Branches:
Dungeon (2/15)

Altars:

Annotations:
D:2 Robin


Innate Abilities, Weirdness & Mutations

You have a pair of small antennae on your head.
You are immune to rotting.


Message History

You barely miss the hobgoblin.
* * * LOW HITPOINT WARNING * * *
You feel sick. The hobgoblin hits you with a club.
* * * LOW HITPOINT WARNING * * *
The hobgoblin misses you. The hobgoblin hits you with a dagger.
* * * LOW HITPOINT WARNING * * *
The hobgoblin closely misses you.
You closely miss the hobgoblin.
The hobgoblin is lightly wounded.
You hit the hobgoblin. x2
* * * LOW HITPOINT WARNING * * *
You feel sick. The hobgoblin misses you. x3
You hit the hobgoblin.
The hobgoblin is moderately wounded.
You hit the hobgoblin. You closely miss the goblin.
You closely miss the hobgoblin.
* * * LOW HITPOINT WARNING * * *
You feel sick. The hobgoblin completely misses you. The hobgoblin misses you.
The goblin barely misses you. The hobgoblin hits you with a club.
You die...

#...............##.#
#####.#############.##..
#...# #...........#'####
#.#.# #...........g.....
#.#.# #......gg#........
#.#.# #...).g.....g.....
#.#.# #†)#####[#........
#...#.#gg# #.#..#'####
#..<#.#@g# #.#..#.#
#...#.#g.# #.#..#.#
#...#.#..# #.#..#.#
#...#.#..#####.####.####
#...#.#..)...........)..
##...#.##(#####.####.....
#........................
##.######.#####.####.)...
#... #.....#.####...).


You could see 3 hobgoblins and a goblin.

Vanquished Creatures
  2 adders (D:2)
  A dart slug (D:1)
  2 giant cockroaches
  13 goblins
  5 hobgoblins
  4 jackals (D:1)
  3 ball pythons (D:1)
  4 bats
  A frilled lizard (D:1)
  6 kobolds
  12 rats
53 creatures vanquished.

Notes
Turn   | Place    | Note
-------+----------+-------------------------------------------
     0 | D:1      | Anathary the Demonspawn Monk began the quest for the Orb.
     0 | D:1      | Reached XP level 1. HP: 18/18 MP: 1/1
     3 | D:1      | Noticed an electric eel
    11 | D:1      | Noticed an electric eel
   452 | D:1      | Gained mutation: You have a pair of small antennae on your head. [demonic ancestry]
   452 | D:1      | Reached XP level 2. HP: 24/24 MP: 2/2
  1089 | D:1      | Gained mutation: You are immune to rotting. [demonic ancestry]
  1089 | D:1      | Reached XP level 3. HP: 29/29 MP: 3/3
  1519 | D:2      | Noticed Robin
  2234 | D:2      | Reached XP level 4. HP: 34/35 MP: 4/4
  2509 | D:2      | HP: 1/35 [poisoned by a goblin]
  2509 | D:2      | Slain by a hobgoblin

Skill      XL: |  1  2 |
---------------+-------+-----
Dodging        | 3 |  3.2
Axes           | 3 |  3.6
Stealth        | 2 |  2.3
Fighting       | |  3.3

Action                   |  1- 3 |  4- 6 || total
-------------------------+-------+-------++-------
Melee: Hand axe          |   148 |    22 ||   170
 Stab: Sleeping          |     8 |       ||     8
  Eat: Ration            |     1 |     1 ||     2
Armor: Robe              |    39 |     1 ||    40
Dodge: Dodged            |   109 |    25 ||   134
